 Dungeon Crawl Stone Soup version 0.28-a0-514-g0d7ab7f379 (webtiles) character file.

Game seed: 7880413834076612615

170 avis the Chopper (level 5, -3/45 HPs)
             Began as a Hill Orc Fighter on Sept 22, 2021.
             Slain by a kobold brigand (7 damage)
             ... in a sewer on Sept 23, 2021.
             The game lasted 00:14:22 (2764 turns).

avis the Chopper (Hill Orc Fighter)                 Turns: 2764, Time: 00:14:23

Health: -3/45      AC:  9    Str: 20    XL:     5   Next: 51%
Magic:  5/5        EV:  7    Int:  8    God:
Gold:   77         SH:  4    Dex: 10    Spells: 4/4 levels left

rFire   . . .      SeeInvis .   a - +0 war axe
rCold   + . .      Faith    .   l - +0 buckler
rNeg    . . .      Spirit   .   j - +0 chain mail
rPois   .          Reflect  .   (no helmet)
rElec   .          Harm     .   (no cloak)
rCorr   .          Rampage  .   (no gloves)
Will    .....                   (no boots)
Stlth   ..........              (no amulet)
HPRegen 0.15/turn               i - ring of protection from cold
MPRegen 0.09/turn               (no ring)

@: no status effects
A: no striking features
a: no special abilities


You were in a sewer.
You visited 1 branch of the dungeon, and saw 3 of its levels.
You also visited: Sewer.

You collected 77 gold pieces.

Inventory:

Hand Weapons
 a - a +0 war axe (weapon)
Missiles
 g - 21 sling bullets
 h - 57 stones (quivered)
 n - 12 arrows
Armour
 c - a +0 buckler
 j - a +0 chain mail (worn)
 l - a +0 buckler (worn)
 o - a +0 tower shield
Jewellery
 i - a ring of protection from cold (left hand)
Scrolls
 m - a scroll of teleportation {unknown}
Potions
 d - 2 potions of might
 e - a potion of brilliance
 f - a potion of flight {unknown}
 k - a potion of heal wounds {unknown}


   Skills:
 - Level 3.6 Fighting
 * Level 6.8 Axes
 - Level 3.2 Armour
 - Level 4.0 Shields


You had 4 spell levels left.
You didn't know any spells.
Your spell library contained the following spells:

 Spells                   Type           Power      Damage    Failure   Level
 Beastly Appendage        Tmut           0%         N/A       99%         1
 Wereblood                Tmut           0%         N/A       100%        2
 Call Canine Familiar     Summ           0%         N/A       100%        3
 Portal Projectile        Hex/Tloc       0%         N/A       100%        3
 Spider Form              Tmut/Pois      0%         N/A       100%        3
 Leda's Liquefaction      Hex/Erth       0%         N/A       100%        4


Dungeon Overview and Level Annotations

Branches:
Dungeon (3/15)              Sewer (1/1)

Altars:
Ru


Message History

The kobold brigand is heavily wounded.
You hit the kobold brigand but do no damage.
The kobold brigand hits you with a +0 short sword.
The kobold brigand drinks a potion.
The kobold brigand flickers and vanishes!
Deactivating autopickup; reactivate with Ctrl-A.
The kobold brigand hits you with a +0 short sword.
You hit the kobold brigand.
The kobold brigand is heavily wounded.
You slash something! Something completely misses you.
The kobold brigand hits you but does no damage.
You miss the kobold brigand.
The kobold brigand is heavily wounded.
You barely miss something. Something hits you.
The kobold brigand hits you but does no damage.
Something hits you but does no damage.
You slash the kobold brigand!
The kobold brigand is almost dead.
You miss something.
The kobold brigand hits you with a +0 short sword.
Something hits you.
* * * LOW HITPOINT WARNING * * *
You slash the kobold brigand!
You kill the kobold brigand!
You miss something. Something hits you but does no damage.
Training target 4.0 for Shields reached!
Your Axes skill increases to level 6!
Your Shields skill increases to level 4!
You have reached level 5!
You feel stronger.
You miss something. Something hits you.
* * * LOW HITPOINT WARNING * * *
You miss something. Something hits you.
* * * LOW HITPOINT WARNING * * *
You feel better. Something hits you.
* * * LOW HITPOINT WARNING * * *
You miss something. Something hits you.
* * * LOW HITPOINT WARNING * * *
You barely miss something. You block something's attack. Something hits you!
You die...

......≈≈≈≈≈≈#......#
......≈≈≈≈≈≈#......#
#....P≈P#≈≈≈#......#
#.....≈≈#≈≈≈#≈≈....#
#......P#≈≈≈#P≈...##
#.......#≈≈≈≈≈≈...##
#.......#≈≈≈≈≈≈....#
#.......#≈≈≈#P.).###
###P....#≈≈≈#..)@#
###++##≈≈≈##'{##
#≈≈≈#... #≈≈≈#.!!
#≈≈≈#.∩. #≈≈≈#...
#≈≈≈##### #≈≈≈'...#
#≈≈≈#.∩∩#


There were no monsters in sight!

Vanquished Creatures
  A kobold brigand (Sewer)
  2 adders (D:2)
  A gnoll (D:1)
  A dart slug (D:2)
  4 endoplasms
  2 giant cockroaches (D:2)
  2 goblins (D:2)
  5 hobgoblins
  11 kobolds
  10 quokkas
  9 ball pythons
  4 bats
  4 frilled lizards
  7 rats
63 creatures vanquished.

Vanquished Creatures (others)
  5 demonic plants (D:2)
  3 fungi (D:2)
  3 plants (D:2)
11 creatures vanquished.

Grand Total: 74 creatures vanquished

Notes
Turn   | Place    | Note
-------+----------+-------------------------------------------
     0 | D:1      | avis the Hill Orc Fighter began the quest for the Orb.
     0 | D:1      | Reached XP level 1. HP: 19/19 MP: 1/1
   183 | D:1      | Reached skill level 3 in Axes
   503 | D:1      | Reached skill level 4 in Axes
   503 | D:1      | Reached XP level 2. HP: 18/26 MP: 2/2
  1012 | D:2      | Reached XP level 3. HP: 21/31 MP: 3/3
  1137 | D:2      | Found a faded altar of an unknown god.
  1169 | D:2      | Reached skill level 5 in Axes
  1626 | D:2      | Reached XP level 4. HP: 33/39 MP: 4/4
  2128 | D:3      | Found a sacrificial altar of Ru.
  2283 | D:3      | Found a glowing drain.
  2311 | Sewer    | Entered a sewer
  2742 | Sewer    | Noticed a kobold brigand
  2743 | Sewer    | Noticed a kobold brigand
  2759 | Sewer    | Killed a kobold brigand
  2760 | Sewer    | Reached skill level 6 in Axes
  2760 | Sewer    | Reached XP level 5. HP: 10/45 MP: 5/5
  2764 | Sewer    | Slain by a kobold brigand

Illustrated notes

Levels and vault maps discovered:
D:1:      lemuel_arrival_broad_hall, layout_basic, minmay_bisected
D:2:      layout_basic, shapermc_ecumenical_altar_gd, minmay_diced_spiral
D:3:      layout_basic, mainiacjoe_overflow_concentric_impassable,
          gup_sewer_entry_pipe
Sewer:    kennysheep_pipe_town

Skill      XL: |  1  2  3  4 |
---------------+-------------+-----
Axes           | 4 5 6 |  6.8
Shields        | 4 |  4.0
Fighting       | |  3.6
Armour         | |  3.2

Action                   |  1- 3 |  4- 6 || total
-------------------------+-------+-------++-------
Melee: War axe           |    88 |   131 ||   219
Throw: Stone             |    19 |    16 ||    35
  Use: Scroll            |       |     5 ||     5
       Potion            |       |     1 ||     1
Armor: Scale mail        |     6 |       ||     6
       Chain mail        |    51 |    68 ||   119
Dodge: Dodged            |    44 |    41 ||    85
Block: Buckler           |    23 |    28 ||    51

Table legend: (Time is in decaauts)
 A = Elapsed time spent in this place.
 B = Non-inter-level travel time spent in this place.
 C = Inter-level travel time spent in this place.
 D = Time resting spent in this place.
 E = Time spent auto-exploring this place.
 F = Levels seen in this place.
 G = Mean time per level.
                   A        B        C        D        E       F      G
               +--------+--------+--------+--------+--------+-----+--------+
         Total |   2853 |   2544 |    309 |    350 |   1139 |   4 |  713.2 |
       Dungeon |   2356 |   2047 |    309 |    161 |   1139 |   3 |  785.3 |
         Sewer |    497 |    497 |      0 |    189 |      0 |   1 |  497.0 |
               +--------+--------+--------+--------+--------+-----+--------+

Top non-repeatable levels by time:
     D:1: 1119 daAuts
     D:2: 1005 daAuts
   Sewer: 497 daAuts
     D:3: 230 daAuts
